 Dungeon Crawl Stone Soup version 0.21-a0-110-g8e1637b (webtiles) character file.

19 tilp the Firebug (level 2, -2/20 HPs)
             Began as a Hill Orc Fire Elementalist on July 9, 2017.
             Slain by an adder (3 damage)
             ... on level 2 of the Dungeon.
             The game lasted 00:03:57 (907 turns).

tilp the Firebug (Hill Orc Fire Elementalist)        Turns: 907, Time: 00:03:58

Health: -2/20      AC:  2    Str: 10    XL:     2   Next: 75%
Magic:  0/5        EV: 12    Int: 15    God:
Gold:   55         SH:  0    Dex: 11    Spells: 2/5 levels left

rFire    . . .     SeeInvis .   e - +0 dagger
rCold    . . .     Gourm    .   (no shield)
rNeg     . . .     Faith    .   a - +0 robe
rPois    .         Spirit   .   (no helmet)
rElec    .         Reflect  .   (no cloak)
rCorr    .         Harm     .   (no gloves)
MR       .....                  (no boots)
Stlth    ++........             (no amulet)
HPRegen  0.06/turn              (no ring)
MPRegen  0.09/turn              (no ring)

@: lethally poisoned (-2 -> -5), very slightly contaminated, hasted, very quick
A: no striking features
a: no special abilities


You were on level 2 of the Dungeon.
You were hungry.

You visited 1 branch of the dungeon, and saw 2 of its levels.

You collected 55 gold pieces.

Inventory:

Hand Weapons
 e - a +0 dagger (weapon)
Missiles
 f - 47 stones
 p - 4 tomahawks (quivered)
Armour
 a - a +0 robe (worn)
Jewellery
 j - a +5 amulet of reflection {unknown}
 n - an uncursed ring of wizardry {unknown}
Scrolls
 d - a scroll of immolation {unknown}
 i - 2 scrolls of identify {unknown}
 k - a scroll of fear {unknown}
 l - a scroll of teleportation {unknown}
 q - a scroll of recharging {unknown}
Potions
 m - a potion of agility {unknown}
 o - a potion of lignification {unknown}
Books
 b - a book of Flames

   Spells                             Type                      Level
   a - Flame Tongue                   Conjuration/Fire             1
   b - Throw Flame                    Conjuration/Fire             2
   c - Conjure Flame                  Conjuration/Fire             3
   d - Inner Flame                    Hexes/Fire                   3
   e - Sticky Flame                   Conjuration/Fire             4
   f - Fireball                       Conjuration/Fire             5
Comestibles
 c - 3 bread rations
 g - 3 chunks of flesh


   Skills:
 - Level 1.5 Dodging
 - Level 1.5 Stealth
 + Level 2.4 Spellcasting
 - Level 1.0 Conjurations
 - Level 3.2 Fire Magic


You had 2 spell levels left.
You knew the following spells:

 Your Spells              Type           Power        Failure   Level  Hunger
a - Flame Tongue          Conj/Fire      #....        9%          1    #......
b - Throw Flame           Conj/Fire      #.....       13%         2    ###....


Dungeon Overview and Level Annotations

Branches:
Dungeon (2/15)

Altars:


Message History

a dagger; a club
* * * LOW HITPOINT WARNING * * *
You feel sick.
You see here a frilled lizard skeleton.
You barely miss the adder.
The adder is heavily wounded.
The adder bites you but does no damage.
Casting: Flame Tongue
Confirm with . or Enter, or press ? or * to list all spells.
Aiming: Flame Tongue
Press: ? - help, Shift-Dir - straight line, f/p - adder
Aim: an adder (heavily wounded)
The flame tongue hits the adder.
The adder is severely wounded.
The adder bites you.
* * * LOW HITPOINT WARNING * * *
It was a potion of haste.
You feel yourself speed up.
* * * LOW HITPOINT WARNING * * *
You feel sick. The adder bites you.
You die...

##.# #.# #. #.# # #.#
##+# ###.# ##...##
##.#.# ##.....## ##.#..#
##.......## #.###.#
#.........####.#.#######
+.........'.@S..........
#.........####...#######
#.......## ##....#
##.....## ####.# ##..<##
#.# ##+## #.# #.# #.#
#.#


You could see an adder.

Vanquished Creatures
  2 bats (D:1)
  6 goblins
  A hobgoblin (D:1)
  3 kobolds (D:1)
  2 frilled lizards (D:2)
  3 rats (D:1)
17 creatures vanquished.

Notes
Turn   | Place    | Note
-------+----------+-------------------------------------------
     0 | D:1      | tilp the Hill Orc Fire Elementalist began the quest for the Orb.
     0 | D:1      | Reached XP level 1. HP: 14/14 MP: 3/3
   366 | D:1      | Reached XP level 2. HP: 16/20 MP: 3/5
   377 | D:1      | Learned a level 2 spell: Throw Flame
   907 | D:2      | HP: 1/20 [poisoned by an adder]
   907 | D:2      | Slain by an adder

Vault maps used:
D:1:      matt_arrival_grand_opening, serial_bayou_lagoon_a, kennysheep_doodads
D:2:      first_bread

Skill      XL: |  1 |
---------------+----+-----
Spellcasting   | 2 |  2.4
Dodging        | |  1.5
Stealth        | |  1.5
Conjurations   | |  1.0
Fire Magic     | |  3.2

Action                   || total
-------------------------++-------
Melee: Dagger            ||    30
Throw: Stone             ||     4
       Tomahawk          ||     4
 Cast: Flame Tongue      ||    21
       Throw Flame       ||     4
  Use: Potion            ||     1
 Stab: Sleeping          ||     1
Armor: Robe              ||     8
Dodge: Dodged            ||    37
